 Dungeon Crawl Stone Soup version 0.17-a0-1976-g482a304 (webtiles) character file.

47168 thewizardguy the Peltast (level 14, 0/127 HPs)
             Began as a Minotaur Fighter on Oct 5, 2015.
             Was the Champion of Okawaru.
             Killed from afar by a Hell Sentinel (53 damage)
             ... with a blast of hellfire
             ... on level 2 of the Abyss.
             The game lasted 02:06:21 (17419 turns).

thewizardguy the Peltast (Minotaur Fighter)        Turns: 17419, Time: 02:06:22

Health: 0/127      AC: 28    Str: 29    XL:     14   Next: 7%
Magic:  11/13      EV: 14    Int: 10    God:    Okawaru [******]
Gold:   815        SH: 17    Dex: 10    Spells: 0 memorised, 13 levels left

rFire  . . .     SeeInvis +     F - +4 whip of Zamil {slash, rPois rN+ MR- Int+5}
rCold  . . .     Clarity  .     k - +1 plate armour {rPois}
rNeg   + + .     SustAt   .     c - +1 shield
rPois  +         Gourm    .     j - +2 hat {SInv}
rElec  +         Spirit   .     o - +2 cloak {MR+}
rCorr  .         Warding  .     Z - +1 pair of gloves "Zeamun" {rElec Slay+5}
rMut   .         Stasis   +     y - +0 pair of boots {Stlth+}
MR     +....                    d - amulet of stasis
Stlth  ..........               P - ring "Doluhooh" {rPois rN+}
                                A - +3 ring of strength

@: heroism, somewhat resistant to hostile enchantments, extremely unstealthy
A: retaliatory headbutt, horns 2
a: Heroism, Finesse, Renounce Religion


You were on level 2 of the Abyss.
You worshipped Okawaru.
Okawaru was exalted by your worship.
You were very hungry.

You visited 4 branches of the dungeon, and saw 18 of its levels.
You visited the Abyss 1 time.

You collected 1631 gold pieces.
You spent 816 gold pieces at shops.

Inventory:

Hand Weapons
 a - a +0 flail
 F - the +4 whip of Zamil (weapon) {slash, rPois rN+ MR- Int+5}
   (You found it on level 5 of the Dungeon)

   It inflicts extra damage upon your enemies.
   It affects your intelligence (+5).
   It protects you from poison.
   It protects you from negative energy.
   It affects your resistance to hostile enchantments.
 S - a +3 mace
 T - a +2 flail of freezing
Missiles
 D - 4 exploding tomahawks (quivered)
Armour
 c - a +1 shield (worn)
 j - a +2 hat of see invisible (worn)
 k - a +1 plate armour of poison resistance (worn)
 o - a +2 cloak of magic resistance (worn)
 u - a troll hide
 y - a +0 pair of boots of stealth (worn)
 Z - the +1 pair of gloves "Zeamun" (worn) {rElec Slay+5}
   (You found it on level 8 of the Dungeon)

   It affects your accuracy and damage with ranged weapons and melee attacks
   (+5).
   It insulates you from electricity.
Jewellery
 b - an uncursed amulet of clarity
 d - an amulet of stasis (around neck)
 n - a +3 ring of dexterity
 A - a +3 ring of strength (left hand)
 I - an uncursed amulet of warding
 N - an uncursed ring of fire
 P - the ring "Doluhooh" (right hand) {rPois rN+}
   (You found it on level 10 of the Dungeon)

   [ring of positive energy]

   It protects you from poison.
   It protects you from negative energy.
 X - an uncursed ring of ice
 Y - an uncursed ring of stealth
Scrolls
 f - 3 scrolls of remove curse
 l - 5 scrolls of teleportation
 m - 4 scrolls of amnesia
 q - 2 scrolls of blinking
 r - a scroll of magic mapping
 t - 2 scrolls of recharging
 z - a scroll of fog
 E - 5 scrolls of identify
 L - 2 scrolls of immolation
Potions
 h - 7 potions of resistance
 p - 3 potions of brilliance {unknown}
 s - 4 potions of curing
 v - a potion of cancellation {unknown}
 w - a potion of poison
 x - 3 potions of magic {unknown}
 G - a potion of invisibility
 O - 3 potions of degeneration
 R - a potion of agility {unknown}
 V - 2 potions of lignification {unknown}
Comestibles
 e - 7 bread rations
 g - 7 meat rations
 i - 4 beef jerkies
 J - 8 slices of pizza
 M - 17 fruits
 Q - a royal jelly


   Skills:
 + Level 12.4(17.4) Fighting
 + Level 13.9(18.9) Maces & Flails
 + Level 0.6(5.6) Throwing
 + Level 11.3(16.3) Armour
 + Level 11.0(16.0) Dodging
 + Level 3.1(8.1) Stealth
 + Level 15.5(20.5) Shields
 + Level 1.1 Invocations


You had 13 spell levels left.
You didn't know any spells.

Dungeon Overview and Level Annotations

Branches:
Dungeon (12/15)            Temple (0/1) D:4            Lair (1/8) D:10
    Orc (4/4) D:12            Elf (1/3) Orc:3

Altars:
Ashenzari
Dithmenos
Elyvilon
Kikubaaqudgha
Makhleb
Nemelex Xobeh
Okawaru
Ru
Sif Muna
Trog
Beogh

Shops:
D:7 *   D:10 [   Orc:4 =}([


Innate Abilities, Weirdness & Mutations

You reflexively headbutt those who attack you in melee.
You have a pair of horns on your head.


Message History

You hit the Hell Sentinel but do no damage.
You headbutt the Hell Sentinel, but do no damage.
The Hell Sentinel is moderately wounded.
The Hell Sentinel hits you but does no damage. x2
You hit the Hell Sentinel but do no damage.
You headbutt the Hell Sentinel, but do no damage.
The Hell Sentinel is moderately wounded.
You hit the Hell Sentinel but do no damage.
You headbutt the Hell Sentinel, but do no damage.
The Hell Sentinel is moderately wounded.
The Hell Sentinel gestures at you. The iron shot hits you!
You hit the Hell Sentinel.
You headbutt the Hell Sentinel, but do no damage.
The Hell Sentinel is moderately wounded.
You whack the Hell Sentinel!
The Hell Sentinel is moderately wounded.
The Hell Sentinel gestures at you.
The hellfire explodes!
The blast of hellfire engulfs you!
You die...

.# .#####.#..# .##
......#.#..#.# ##..#
...#...####.#..#. #
.#.#..#........###
.. #.....#...#..#.#
#.## .
###..#...###### .
#.......## . . #
...#.#....###.#####.
#.....@.##. .#
#.[#..1##.## #
#......#. # #......
.. ..#.... .#.
....#.. ##.# ##.....
. #...## #


You could see a Hell Sentinel.

Vanquished Creatures
  Gastronok (D:10)
  A deep elf demonologist (Elf:1)
  Snorg (Orc:4)
  A hydra (D:8)
  Fannar (D:10)
  10 orc high priests
  Urug (D:11)
  Sonja (Orc:2)
  Nergalle (Orc:2)
  2 deep elf knights (Elf:1)
  A spatial maelstrom (Abyss:2)
  A deep elf summoner (Elf:1)
  5 hill giants
  4 orc sorcerers
  3 deep elf conjurers (Elf:1)
  2 worldbinders
  An elephant (D:10)
  A manticore (D:11)
  4 cyclopes
  A smoke demon (Abyss:2)
  A gargoyle (D:11)
  2 black mambas (Lair:1)
  3 centaur skeletons
  5 komodo dragons
  2 ancient zymes (Abyss:2)
  6 trolls
  4 blink frogs (Lair:1)
  3 deep elf priests (Elf:1)
  Prince Ribbit (Lair:1)
  A slime creature (shapeshifter) (Elf:1)
  The ghost of Burgietje the Ruffian, an amateur TrMo of Kikubaaqudgha (D:4)
  15 yaks
  2 wraiths
  2 hungry ghosts
  A hippogriff (Lair:1)
  7 deep elf magi (Elf:1)
  4 deep elf fighters (Elf:1)
  A wyvern (D:9)
  9 wargs
  8 swamp worms (Lair:1)
  2 water moccasins (Lair:1)
  27 orc warriors
  2 vampire mosquitoes (D:10)
  3 wolves (Lair:1)
  2 porcupines (Lair:1)
  A large abomination (Abyss:2)
  2 ice beasts
  12 ogres
  13 centaurs
  A wasp (D:11)
  7 giant frogs
  2 crocodiles (Lair:1)
  6 big kobolds
  A wyvern skeleton (D:8)
  5 killer bees (D:9)
  5 wights (D:7)
  A quasit (D:11)
  10 crimson imps
  A giant frog zombie (D:5)
  A jelly (D:6)
  A giant frog skeleton (D:5)
  48 orc priests
  Crazy Yiuf (D:2)
  Ijyb (D:2)
  5 hounds
  Terence (D:2)
  9 iguanas
  27 orc wizards
  3 worker ants
  9 sheep
  A hound skeleton (D:11)
  A hound zombie (D:11)
  A worker ant zombie (D:10)
  14 gnolls
  10 adders
  6 river rats (Lair:1)
  2 shadow imps
  An ooze (D:3)
  2 adder skeletons
  14 worms
  6 giant geckos
  201 orcs
  A ball python (D:5)
  4 giant cockroaches
  4 hobgoblins
  7 jackals
  4 quokkas
  4 bats
  2 giant gecko zombies
  2 giant newts
  3 goblins
  A jackal skeleton (D:6)
  20 kobolds
  A quokka skeleton (D:7)
  9 rats
  2 crawling corpses (Elf:1)
653 creatures vanquished.

Vanquished Creatures (others)
  An orc (Orc:2)
  A fungus (Lair:1)
  2 plants (Lair:1)
4 creatures vanquished.

Grand Total: 657 creatures vanquished

Notes
Turn   | Place    | Note
--------------------------------------------------------------
     0 | D:1      | thewizardguy the Minotaur Fighter began the quest for the Orb.
     0 | D:1      | Reached XP level 1. HP: 19/19 MP: 0/0
   211 | D:1      | Reached XP level 2. HP: 27/27 MP: 1/1
   393 | D:1      | Reached skill level 4 in Fighting
  1061 | D:2      | Noticed Ijyb
  1077 | D:2      | Killed Ijyb
  1077 | D:2      | Reached XP level 3. HP: 25/34 MP: 2/2
  1143 | D:2      | Noticed Crazy Yiuf
  1163 | D:2      | Killed Crazy Yiuf
  1163 | D:2      | Reached XP level 4. HP: 38/41 MP: 3/3
  1279 | D:2      | Noticed Terence
  1283 | D:2      | Killed Terence
  1283 | D:2      | Reached skill level 1 in Dodging
  1630 | D:2      | Found an ancient bone altar of Kikubaaqudgha.
  1851 | D:3      | Reached XP level 5. HP: 42/47 MP: 4/4
  2081 | D:3      | Reached skill level 5 in Fighting
  2191 | D:3      | Reached skill level 5 in Shields
  2434 | D:3      | Reached XP level 6. HP: 54/56 MP: 5/5
  2466 | D:3      | Found a sparkling altar of Nemelex Xobeh.
  2480 | D:3      | Found an iron altar of Okawaru.
  2480 | D:3      | Found a shadowy altar of Dithmenos.
  2486 | D:3      | Became a worshipper of Warmaster Okawaru
  2721 | D:4      | Found a white marble altar of Elyvilon.
  2911 | D:4      | Noticed Burgietje's ghost (amateur TrMo)
  2927 | D:4      | Killed Burgietje's ghost
  2937 | D:4      | Found a staircase to the Ecumenical Temple.
  3011 | D:4      | Reached skill level 5 in Armour
  3409 | D:4      | Found a sacrificial altar of Ru.
  3462 | D:5      | Entered Level 5 of the Dungeon
  3482 | D:5      | Got a bloodstained whip
  3508 | D:5      | Reached XP level 7. HP: 59/61 MP: 6/6
  3994 | D:5      | Reached skill level 6 in Shields
  4019 | D:5      | Identified the +4 whip of Zamil {slash, rPois rN+ MR- Int+5} (You found it on level 5 of the Dungeon)
  4074 | D:5      | Acquired Okawaru's first power
  4074 | D:5      | Reached skill level 5 in Maces & Flails
  4586 | D:6      | Reached XP level 8. HP: 34/70 MP: 7/7
  4680 | D:6      | Reached skill level 7 in Shields
  4800 | D:6      | Found a bloodstained altar of Trog.
  5157 | D:7      | Reached skill level 1 in Stealth
  5188 | D:7      | Reached skill level 5 in Dodging
  5255 | D:7      | Found Nit Wet's Elemental Accessories.
  5386 | D:7      | Reached XP level 9. HP: 79/79 MP: 8/8
  5390 | D:7      | Reached skill level 8 in Shields
  5794 | D:8      | Got a pair of spiked gloves
  6078 | D:8      | Identified the +1 pair of gloves "Zeamun" {rElec Slay+5} (You found it on level 8 of the Dungeon)
  6095 | D:8      | Found a bloodstained altar of Trog.
  6168 | D:8      | Reached skill level 9 in Shields
  6200 | D:8      | Noticed a two-headed hydra
  6207 | D:8      | Killed a two-headed hydra
  6315 | D:8      | Reached XP level 10. HP: 88/88 MP: 9/9
  6611 | D:9      | Received a gift from Okawaru
  6655 | D:9      | Reached skill level 10 in Shields
  6679 | D:9      | Found a shattered altar of Ashenzari.
  6764 | D:9      | Found a bloodstained altar of Trog.
  6937 | D:9      | Found a burning altar of Makhleb.
  7071 | D:10     | Entered Level 10 of the Dungeon
  7115 | D:10     | Noticed Fannar
  7143 | D:10     | Killed Fannar
  7163 | D:10     | Found Nil Ulu's Antique Armour Shoppe.
  7513 | D:10     | Found a staircase to the Lair.
  7513 | D:10     | Noticed an elephant
  7532 | D:10     | Killed an elephant
  7532 | D:10     | Acquired Okawaru's second power
  7532 | D:10     | Reached skill level 11 in Shields
  7562 | D:10     | Got a brightly glowing wooden ring
  7570 | D:10     | Identified the ring "Doluhooh" {rPois rN+} (You found it on level 10 of the Dungeon)
  7667 | D:10     | Bought a runed scale mail for 80 gold pieces
  8109 | Lair:1   | Entered Level 1 of the Lair of Beasts
  8209 | Lair:1   | Noticed Prince Ribbit
  8227 | Lair:1   | Received a gift from Okawaru
  8238 | Lair:1   | Killed Prince Ribbit
  8238 | Lair:1   | Reached XP level 11. HP: 82/97 MP: 10/10
  8293 | Lair:1   | Noticed a black mamba
  8305 | Lair:1   | Killed a black mamba
  8367 | Lair:1   | Received a gift from Okawaru
  8449 | Lair:1   | Reached skill level 10 in Maces & Flails
  8488 | Lair:1   | Reached skill level 12 in Shields
  8556 | Lair:1   | HP: 3/97 [wolf (4)]
  9186 | Lair:1   | Noticed a black mamba
  9203 | Lair:1   | Killed a black mamba
  9393 | Lair:1   | Reached skill level 10 in Fighting
 10003 | D:11     | Noticed Urug
 10006 | D:11     | Noticed a hill giant
 10027 | D:11     | Killed Urug
 10033 | D:11     | Killed a hill giant
 10033 | D:11     | Received a gift from Okawaru
 10235 | D:11     | Reached XP level 12. HP: 107/107 MP: 11/11
 10495 | D:11     | Noticed a hill giant
 10510 | D:11     | Killed a hill giant
 10695 | D:11     | Reached skill level 13 in Shields
 10797 | D:11     | Noticed a hill giant
 10806 | D:11     | Killed a hill giant
 10831 | D:11     | Noticed a hill giant
 10837 | D:11     | Killed a hill giant
 11061 | D:12     | Found a staircase to the Orcish Mines.
 11332 | D:12     | Found a burning altar of Makhleb.
 11584 | D:12     | Found a deep blue altar of Sif Muna.
 12222 | D:10     | Noticed Gastronok
 12238 | D:10     | Killed Gastronok
 12238 | D:10     | Reached skill level 10 in Armour
 12238 | D:10     | Reached skill level 10 in Dodging
 12391 | Orc:1    | Entered Level 1 of the Orcish Mines
 12592 | Orc:1    | Found a roughly hewn altar of Beogh.
 13030 | Orc:2    | Noticed Sonja
 13107 | Orc:2    | Noticed Nergalle
 13123 | Orc:2    | Killed Nergalle
 13123 | Orc:2    | Received a gift from Okawaru
 13123 | Orc:2    | Killed Sonja
 13382 | Orc:2    | Reached XP level 13. HP: 67/116 MP: 12/12
 13617 | Orc:3    | Received a gift from Okawaru
 13764 | Orc:3    | Found a staircase to the Elven Halls.
 14333 | Orc:4    | Entered Level 4 of the Orcish Mines
 14354 | Orc:4    | Reached skill level 14 in Shields
 14494 | Orc:4    | Found Qiameeh's Antique Armour Shoppe.
 14527 | Orc:4    | Bought a runed plate armour for 736 gold pieces
 14544 | Orc:4    | Found Biubbi Doxic's Weapon Shop.
 15192 | Orc:4    | Found a roughly hewn altar of Beogh.
 15216 | Orc:4    | Noticed Snorg
 15232 | Orc:4    | Killed Snorg
 15241 | Orc:4    | Found a roughly hewn altar of Beogh.
 15503 | Orc:4    | Found Simupn's Gadget Shoppe.
 15831 | Orc:4    | Found Pufaem's Jewellery Shop.
 16519 | Elf:1    | Entered Level 1 of the Elven Halls
 16595 | Elf:1    | Reached skill level 15 in Shields
 16642 | Elf:1    | Noticed a deep elf demonologist
 16671 | Elf:1    | Received a gift from Okawaru
 16684 | Elf:1    | Killed a deep elf demonologist
 16851 | Elf:1    | Reached skill level 1 in Invocations
 17146 | Elf:1    | Noticed a deep elf sorcerer
 17160 | Elf:1    | Cast into the Abyss (a deep elf sorcerer)
 17209 | Abyss:1  | Reached XP level 14. HP: 99/127 MP: 13/13
 17406 | Abyss:2  | Noticed a Hell Sentinel
 17419 | Abyss:2  | Killed from afar by a Hell Sentinel

Vault maps used:
D:1:      onia_arrival_larder, minmay_misc_feat_tiny
D:2:      lemuel_crystal_altar, uniq_terence, uniq_crazy_yiuf_cottage, uniq_iyjb
D:3:      gammafunk_temple_overflow_wave, first_bread,
          nemelex_xobeh_ov_fountains_minmay
D:4:      nicolae_ru_path_of_blood, kennysheep_little_box, temple_fountains,
          minmay_misc_feat_five, nrook_uturn
D:6:      trog_butcher_becter
D:7:      nicolae_elemental_shop
D:8:      basic_altar, hangedman_ranch
D:9:      lemuel_crystal_altar, lightli_temple_of_fire, bloody_trog
D:10:     david_lair_generic, serial_shops, shop, uniq_fannar, uniq_gastronok
D:11:     uniq_urug
D:12:     orc_0_dummy, basic_altar, bloody_makhleb
Lair:1:   worms_lemuel, grunt_megastairs_4, uniq_prince_ribbit2
Orc:1:    basic_altar
Orc:2:    uniq_nergalle, uniq_sonja
Orc:3:    nicolae_orc_pool_cavern
Orc:4:    st_orc_town, basic_altar, uniq_snorg
Elf:1:    minmay_elf_arrival_summoners, infiniplex_enter_wizlab_water,
          hangedman_elf_represent, spider_trap, fountainhead

Action                   |  1- 3 |  4- 6 |  7- 9 | 10-12 | 13-15 || total
-------------------------+-------+-------+-------+-------+-------++-------
Melee: Flail             |    71 |   189 |    69 |       |       ||   329
       Whip              |       |       |   297 |   849 |   644 ||  1790
       Mace              |       |       |     7 |       |       ||     7
Throw: Tomahawk          |       |       |     7 |     2 |       ||     9
Invok: Heroism           |       |       |       |       |     4 ||     4
  Use: Potion            |     1 |       |     2 |    10 |     2 ||    15
       Scroll            |       |     8 |     1 |    10 |       ||    19
 Stab: Invisible         |       |       |       |       |     4 ||     4
  Eat: Chunk             |     1 |     6 |    12 |    22 |     7 ||    48
       Fruit             |       |       |       |     1 |       ||     1
       Pizza             |       |       |       |     1 |       ||     1
       Meat ration       |       |       |       |       |     1 ||     1
